 Dungeon Crawl Stone Soup version 0.29.1-1-gd02db6906a (webtiles) character file.

Game seed: 4468952902290177066

41 Aibolit the Shooter (level 3, 0/27 HPs)
             Began as a Human Hunter on Sept 24, 2022.
             Killed by nerve-wracking pain
             ... invoked by a shadow imp
             ... summoned by Natasha
              (9 damage)
             ... on level 2 of the Dungeon.
             The game lasted 00:07:32 (1057 turns).

Aibolit the Shooter (Human Hunter)                  Turns: 1057, Time: 00:07:33

Health: 0/27       AC:  5    Str: 11    XL:     3   Next: 75%
Magic:  3/3        EV: 12    Int:  9    God:
Gold:   76         SH:  0    Dex: 18    Spells: 2/2 levels left

rFire   . . .      SeeInvis .   a - +0 shortbow
rCold   . . .      Faith    .   (shield currently unavailable)
rNeg    . . .      Spirit   .   c - +0 leather armour
rPois   .          Reflect  .   (no helmet)
rElec   .          Harm     .   f - +0 cloak
rCorr   .          Rampage  .   i - +0 pair of gloves
Will    .....                   (no boots)
Stlth   ++........              (no amulet)
HPRegen 0.09/turn               (no ring)
MPRegen 0.08/turn               (no ring)

@: no status effects
A: no striking features
a: no special abilities


You were on level 2 of the Dungeon.
You visited 1 branch of the dungeon, and saw 2 of its levels.

You collected 76 gold pieces.

Inventory:

Hand Weapons
 a - a +0 shortbow (weapon)
 h - a +0 spear of freezing
Armour
 c - a +0 leather armour (worn)
 f - a +0 cloak (worn)
 i - a +0 pair of gloves (worn)
 l - a +0 pair of gloves
Wands
 o - a wand of paralysis (4)
Scrolls
 b - a scroll of teleportation {unknown}
 k - 2 scrolls of identify {unknown}
Potions
 d - a potion of flight {unknown}
 e - a potion of brilliance {unknown}
 g - 3 potions of attraction {unknown}
 j - 2 potions of haste {unknown}
 m - a potion of mutation {unknown}
 n - a potion of magic {unknown}


   Skills:
 + Level 2.3 Fighting
 + Level 4.9 Ranged Weapons
 + Level 0.4 Armour
 + Level 2.1 Dodging
 + Level 1.0 Stealth


You had 2 spell levels left.
You didn't know any spells.
Your spell library contained the following spells:

 Spells                   Type           Power      Damage    Failure   Level
 Ignite Poison            Fire/Tmut/Pois 0%         N/A       85%         3
 Mephitic Cloud           Conj/Pois/Air  0%         N/A       85%         3
 Freezing Cloud           Conj/Ice/Air   0%         6-21      100%        5


Dungeon Overview and Level Annotations

Branches:
Dungeon (2/15)

Altars:

Annotations:
D:2 Natasha


Message History

Found a book of Dangerous Friends.
Found a mace.
A rat comes into view.
You shoot an arrow. The arrow hits the rat!
You kill the rat!
No target in view!
Natasha, Servant of Life and Death comes into view.
She is carrying a wand of roots (8).
There are no items here.
You shoot an arrow. The arrow hits Natasha!
Natasha is severely wounded.
You shoot an arrow. The arrow hits Natasha.
Natasha is severely wounded.
Natasha mumbles some strange words.
You shoot an arrow.
The arrow hits the white imp but does no damage.
You shoot an arrow.
The arrow hits the white imp but does no damage.
Natasha mumbles some strange words.
You shoot an arrow. The arrow barely misses the white imp.
The arrow hits Natasha but does no damage.
Natasha is severely wounded.
You shoot an arrow. The arrow hits the white imp!
The white imp is almost dead.
The white imp gestures at you. The puff of frost hits you! Natasha claws you.
The white imp barely misses you. Natasha attacks as you move away!
Natasha claws you.
* * * LOW HITPOINT WARNING * * *
The shadow imp attacks as you move away!
The shadow imp closely misses you. Natasha attacks as you move away!
Natasha closely misses you. The white imp attacks as you move away!
The white imp misses you. Natasha casts a spell at you.
You resist with significant effort.
Natasha mumbles some strange words.
You feel disoriented. The white imp attacks as you move away!
The white imp hits you but does no damage.
The shadow imp gestures at you. Pain shoots through your body!
You die...

....#.######.#...###
#.###.# #.# .##
#.###.# #.# #
....<.# ##.#######
#.#####
#).......######+#
#.#
#....###.#.......
#.#
##.##.###.#..:##.#
#.#
#........5......)#
#.#
#......@.5........#
#.#
#.###.###h.......†.
#.# #. #.#
#.#...#...# ..# #.
#.. ......# ... ###
#. #####.###... ..
#.# #### # #.# ..#


You could see Natasha, a white imp (summoned) and a shadow imp (summoned).

Vanquished Creatures
  2 worms (D:2)
  7 ball pythons (D:1)
  4 bats (D:1)
  3 endoplasms
  3 giant cockroaches
  2 hobgoblins (D:2)
  4 kobolds
  A quokka (D:1)
  2 frilled lizards (D:2)
  2 goblins
  6 rats
36 creatures vanquished.

Notes
Turn   | Place    | Note
-------+----------+-------------------------------------------
     0 | D:1      | Aibolit the Human Hunter began the quest for the Orb.
     0 | D:1      | Reached XP level 1. HP: 16/16 MP: 1/1
   140 | D:1      | Reached XP level 2. HP: 20/22 MP: 2/2
   692 | D:1      | Reached XP level 3. HP: 27/27 MP: 3/3
  1047 | D:2      | Noticed Natasha
  1057 | D:2      | Killed from afar by a shadow imp

Illustrated notes

Levels and vault maps discovered:
D:1:      onia_arrival_mini_maze, layout_basic, due_unseen_surprise
D:2:      layout_loops_corners, minmay_misc_feat_tiny, minmay_heptomino_l4,
          uniq_natasha

Action                   || total
-------------------------++-------
 Fire: Shortbow          ||    80
  Use: Scroll            ||     2
Armor: Leather armour    ||     5
Dodge: Dodged            ||    16
